 Dungeon Sprint DCSS version 0.28-a0-381-g937acc2988 (webtiles) character file.

Game seed: 1804167990905659379

381 Ankalagon the Spear-Bearer (level 6, 0/65 HPs)
             Began as a Naga Berserker on Sept 1, 2021.
             Was a Believer of Trog.
             Slain by a neqoxec (12 damage)
             ... in the Dungeon (Sprint II: "The Violet Keep of Menkaure").
             The game lasted 00:00:37 (40 turns).

Ankalagon the Spear-Bearer (Naga Berserker)           Turns: 40, Time: 00:00:38

Health: 0/65       AC:  3    Str: 19    XL:     6   Next: 75%
Magic:  6/6        EV: 10    Int:  8    God:    Trog [**....]
Gold:   0          SH:  0    Dex: 12    Spells: 5/5 levels left

rFire   . . .      SeeInvis +   a - +0 spear
rCold   . . .      Faith    .   (no shield)
rNeg    . . .      Spirit   .   b - +0 animal skin
rPois   +          Reflect  .   (no helmet)
rElec   .          Harm     .   (no cloak)
rCorr   .          Rampage  .   (no gloves)
Will    ++...      NoTele   +   (no barding)
Stlth   +.........              (no amulet)
HPRegen 1.20/turn               (no ring)
MPRegen 0.10/turn               (no ring)

@: strong-willed, on berserk cooldown, regenerating, hasted and slowed, unable
to read, very slow
A: AC +2, large, see invisible, deformed body, poison resistance, slowness 2,
spit poison 1, naga tail 1, stinger 1, frail 1, screaming 1, inability to read
while threatened
a: Spit Poison, Renounce Religion, Berserk, Trog's Hand


You were in the Dungeon.
You worshipped Trog.
Trog was pleased with you.
You visited 1 branch

Inventory:

Hand Weapons
 a - a +0 spear (weapon)
Armour
 b - a +0 animal skin (worn)
Scrolls
 h - a scroll of blinking
Potions
 c - a potion of curing
 f - 2 potions of magic
 g - a potion of berserk rage


   Skills:
 + Level 10.3 Fighting
 + Level 10.3 Polearms
 - Level 1.5 Armour
 - Level 1.5 Dodging


You had 5 spell levels left.
You didn't know any spells.
Your spell library was empty.

Dungeon Overview and Level Annotations

Branches:
Dungeon (1/1)

Altars:


Innate Abilities, Weirdness & Mutations

Your serpentine skin is tough. (AC +2)
You have supernaturally acute eyesight. (SInv)
Armour fits poorly on your strangely shaped body.
Your system is resistant to poisons. (rPois)
You cover ground very slowly.
You can spit poison.
You have a snake-like lower body.
Your tail ends in a poisonous barb.
You are frail. (-10% HP)
You occasionally shout uncontrollably at your foes.
You sometimes lose the ability to read scrolls when taking damage.


Message History

Press: ? - help, Dir - move target, f/p - neqoxec
Aim: a neqoxec (almost dead, about 38% to evade your +0 spear)
You hit the neqoxec but do no damage.
The neqoxec is almost dead.
The neqoxec gestures at you.
Strange energies course through your body.
You feel the urge to shout.
Reach: a) +0 spear
Press: ? - help, Dir - move target, f/p - neqoxec
Aim: a neqoxec (almost dead, about 38% to evade your +0 spear)
You hit the neqoxec.
The neqoxec is almost dead.
Reach: a) +0 spear
Press: ? - help, Dir - move target, f/p - neqoxec
Aim: a neqoxec (almost dead, about 38% to evade your +0 spear)
You closely miss the neqoxec.
The neqoxec is almost dead.
The neqoxec gestures at you.
Strange energies course through your body.
A poisonous barb forms on the end of your tail.
Reach: a) +0 spear
Press: ? - help, Dir - move target, f/p - neqoxec
Aim: a neqoxec (almost dead, about 38% to evade your +0 spear)
You puncture the neqoxec!
You kill the neqoxec!
Trog accepts your kill.
Your Fighting skill increases to level 10!
Your Polearms skill increases to level 10!
Unknown command.
Okay, then.
Unknown command.
You hit the neqoxec but do no damage. You hit the neqoxec but do no damage.
The neqoxec closely misses you.
Your skin crawls.
You feel strong-willed. The neqoxec gestures at you.
Something tries to feed on your intellect!
You miss the neqoxec. The neqoxec hits you!
You feel threatened and lose the ability to read scrolls!
You die...

###
##
..##.
.$.
#3#
##@##
+.<.+
##.##
#+#


You could see a neqoxec.

Vanquished Creatures
  3 neqoxecs (D)
3 creatures vanquished.

Vanquished Creatures (others)
  A water moccasin (D)
1 creature vanquished.

Grand Total: 4 creatures vanquished

Notes
Turn   | Place    | Note
-------+----------+-------------------------------------------
     0 | D        | Ankalagon the Naga Berserker began the quest for the Orb.
     0 | D        | Reached XP level 1. HP: 21/21 MP: 1/1
     1 | D        | Noticed a neqoxec
     1 | D        | Noticed a neqoxec
     1 | D        | Noticed a neqoxec
     1 | D        | Noticed a neqoxec
    16 | D        | Killed a neqoxec
    17 | D        | Reached XP level 2. HP: 11/37 MP: 2/2
    17 | D        | Reached XP level 3. HP: 12/43 MP: 3/3
    17 | D        | Reached XP level 4. HP: 15/51 MP: 4/4
    17 | D        | Reached XP level 5. HP: 17/57 MP: 5/5
    22 | D        | Killed a neqoxec
    22 | D        | Reached ** piety under Trog
    23 | D        | Reached XP level 6. HP: 9/69 MP: 6/6
    27 | D        | Gained mutation: You are frail. (-10% HP) [a neqoxec]
    30 | D        | Gained mutation: You sometimes lose the ability to read
                  | scrolls when taking damage. [a neqoxec]
    33 | D        | Gained mutation: You occasionally shout uncontrollably at
                  | your foes. [a neqoxec]
    35 | D        | Gained mutation: Your tail ends in a poisonous barb. [a
                  | neqoxec]
    36 | D        | Killed a neqoxec
    37 | D        | Reached skill level 10 in Fighting
    37 | D        | Reached skill level 10 in Polearms
    39 | D        | Killed a water moccasin
    40 | D        | Slain by a neqoxec

Illustrated notes

Levels and vault maps discovered:
D:        the_violet_keep_of_menkaure [sprint2_stairs_cluster_1,
          sprint2_shoproom, sprint2_temple, sprint2_basic_supplies,
          sprint2_obstacle_2, sprint2_obstacle_1, sprint2_obstacle_3,
          sprint2_obstacle_6, sprint2_obstacle_4, sprint2_timed_cluster_1,
          sprint2_smallroom_cluster_1, sprint2_smallroom_final_cluster_1,
          sprint2_transparent_cluster_1, sprint2_second_timed_cluster_1,
          sprint2_sniper_area_1, sprint2_heavy_combat_area_1,
          sprint2_mutation_trap_area_1, sprint2_forest_area_1,
          sprint2_light_combat_area_1, sprint2_behind_water_1,
          sprint2_near_end_vault_1]

Skill      XL: |  1  2  3  4  5  6 |
---------------+-------------------+-----
Fighting       | 7 9 10 | 10.3
Polearms       | 7 9 10 | 10.3
Armour         | |  1.5
Dodging        | |  1.5

Action                   |  1- 3 |  4- 6 || total
-------------------------+-------+-------++-------
Melee: Spear             |    14 |    20 ||    34
Invok: Berserk           |     1 |       ||     1
       Trog's Hand       |       |     1 ||     1
  Use: Potion            |       |     2 ||     2
Armor: Animal skin       |     1 |       ||     1
Dodge: Dodged            |     2 |     3 ||     5

Table legend: (Time is in decaauts)
 A = Elapsed time spent in this place.
 B = Non-inter-level travel time spent in this place.
 C = Inter-level travel time spent in this place.
 D = Time resting spent in this place.
 E = Time spent auto-exploring this place.
 F = Levels seen in this place.
 G = Mean time per level.
                   A        B        C        D        E       F      G
               +--------+--------+--------+--------+--------+-----+--------+
         Total |     27 |     27 |      0 |      0 |      0 |   1 |   27.0 |
       Dungeon |     27 |     27 |      0 |      0 |      0 |   1 |   27.0 |
               +--------+--------+--------+--------+--------+-----+--------+

Top non-repeatable levels by time:
       D: 27 daAuts
